Map: Terraform LE (Void)

Players

habz - Winner!

  • Race: Terran Terran
  • League: Silver

SticklerMac

  • Race: Zerg Zerg
  • League: Silver

VOD

https://www.youtube.com/watch?v=jiyYIV4spuQ

Description

Time

  • Played on: Oct. 22, 2015, 2:23 p.m.
  • Length: 23:37
Show
View Real Time Build Order
Export as new Build Order

habz Terran - Winner!

Build Orders: 1/1/1 

Get SALT Encoding   

  12  0:01  SCV  
  13  0:13  SCV  
  14  0:18  Supply Depot  
  14  0:25  SCV  
  15  0:30  Refinery  
  15  0:39  SCV  
  16  0:46  Barracks  
  16  0:51  SCV  
  17  1:03  SCV  
  18  1:15  SCV  
  19  1:36  Marine, Orbital Command  
  19  1:37  Supply Depot  
  19  1:38  Factory  
  20  1:54  Marine  
  21  2:05  SCV  
  22  2:12  Marine  
  23  2:18  SCV  
  24  2:23  Starport  
  24  2:25  Hellion  
  26  2:30  SCV, Marine  
  26  2:35  Supply Depot  
  28  2:45  SCV  
  28  2:46  Hellion  
  28  2:50  Refinery  
  31  2:57  Marine  
  32  3:00  Medivac  
  34  3:06  Supply Depot  
  34  3:12  Widow Mine  
  34  3:14  Marine  
  37  3:32  Marine  
  38  3:37  Command Center  
  38  3:38  SCV  
  39  3:43  Factory Tech Lab  
  39  3:45  Barracks  
  39  3:50  Marine  
  40  4:06  SCV  
  41  4:13  Barracks  
  41  4:14  Barracks  
  41  4:19  Marine  
  41  4:22  SCV  
  43  4:31  Factory Reactor  
  43  4:33  Marine  
  43  4:37  Marine  
  45  4:51  Marine  
  42  4:57  Marine  
  43  5:00  Medivac  
  43  5:03  Barracks Tech Lab  
  43  5:05  Bunker  
  45  5:08  Marine  
  45  5:12  Marine  
  46  5:18  Marine  
  46  5:20  Bunker  
  47  5:22  Bunker  
  47  5:23  Marine  
  47  5:26  Marine  
  49  5:30  Marauder  
  46  5:38  Marine  
  46  5:41  Marine  
  43  5:44  Marine  
  41  5:52  Marauder  
  41  5:55  Marine  
  37  5:59  Marauder  
  37  6:02  Marine  
  36  6:20  Marine  
  36  6:24  Marine  
  37  6:46  Marine  
  38  7:00  Marine x2  
  36  7:04  Marine  
  37  7:13  SCV  
  38  7:35  Supply Depot  
  38  7:39  Supply Depot  
  38  7:57  SCV, Marine x3  
  42  7:59  Supply Depot  
  42  8:00  Supply Depot  
  42  8:09  SCV  
  39  8:15  Marauder, Marine x2  
  41  8:21  SCV  
  36  8:32  Marine x2  
  33  8:36  Marauder  
  35  8:50  Marine  
  37  8:58  Marauder  
  38  9:08  Marine  
  37  9:13  Stimpack  
  37  9:14  SCV  
  29  9:19  Marauder  
  31  9:26  Marine  
  31  9:33  Bunker  
  31  9:37  Supply Depot  
  31  9:40  Bunker  
  31  9:41  Marauder  
  31  9:44  Marine  
  34  9:47  SCV  
  35  10:01  Marine  
  35  10:02  Marauder  
  38  10:09  Orbital Command  
  38  10:29  Marine x2  
  38  10:33  SCV  
  41  10:47  Marine  
  41  10:48  Marauder  
  44  10:52  Medivac  
  46  11:00  SCV  
  46  11:01  SCV  
  48  11:05  Marine  
  48  11:06  Barracks  
  48  11:08  Marine  
  50  11:13  Concussive Shells  
  50  11:16  Orbital Command  
  50  11:25  Engineering Bay  
  50  11:27  Marauder  
  52  11:46  SCV  
  53  11:48  Bunker  
  53  11:51  Marine  
  54  11:54  Supply Depot  
  54  11:57  SCV, Supply Depot  
  55  12:13  SCV x2  
  57  12:24  Missile Turret  
  57  12:27  SCV x2  
  59  12:30  Barracks Reactor  
  59  12:32  Starport Reactor  
  59  12:37  Terran Infantry Weapons Level 1  
  59  12:39  SCV  
  59  12:42  SCV  
  57  12:51  SCV  
  57  12:53  Marine  
  57  12:54  SCV  
  59  13:05  Bunker  
  59  13:06  Marine x2  
  59  13:07  Marauder  
  59  13:10  Supply Depot  
  63  13:15  Supply Depot  
  63  13:16  Refinery  
  63  13:31  Supply Depot  
  63  13:32  SCV x2, Marauder, Marine  
  63  13:33  Marine  
  69  13:44  SCV x2, Combat Shields  
  71  13:56  SCV x2, Marine x2  
  75  14:14  Marine x4  
  75  14:31  Terran Infantry Armor Level 1, Marine  
  74  14:32  Marauder, Marine x2  
  74  14:35  Supply Depot  
  79  14:47  SCV x2  
  79  14:49  Marine x2  
  79  14:50  Marine  
  84  14:53  Marauder  
  86  15:01  Refinery  
  86  15:05  Supply Depot, Medivac  
  88  15:07  Marine x3  
  91  15:15  Marauder  
  93  15:27  Marine x3  
  96  15:36  Marauder  
  96  15:42  SCV x2  
  100  15:45  Marine x2  
  102  15:56  Barracks x2  
  102  15:57  Barracks  
  102  15:59  SCV x2  
  102  16:02  Supply Depot  
  104  16:16  Marine x2  
  104  16:17  Marauder  
  108  16:23  Medivac x2  
  112  16:28  Command Center  
  112  16:37  Marine x3  
  112  16:38  Marauder  
  112  16:39  Factory  
  117  16:48  Marine  
  118  17:39  Marine x6  
  118  17:40  Marauder, Medivac  
  128  17:57  Marine x5  
  133  18:19  Marine  
  133  18:21  Marine  
  133  18:22  Marine  
  133  18:24  Marine  
  133  18:28  Marine  
  133  18:29  Marine  
  133  18:30  Marauder  
  127  18:37  Marine  
  127  18:39  Marine  
  127  18:40  Marine, Medivac  
  130  18:42  Marine  
  130  18:45  Marine  
  130  18:47  Marine  
  132  18:53  Marauder  
  132  18:55  Marine  
  132  18:57  Marine  
  132  19:00  SCV  
  132  19:01  SCV x2  
  131  19:13  Marine x2  
  133  19:21  Refinery  
  133  19:29  Armory  
  133  20:04  Marine  
  133  20:05  Marine x2  
  133  20:11  Marine  
  133  20:38  Marine  
  133  20:40  Medivac, Marine  
  133  20:52  Marine  
  133  20:56  Marauder  
  133  21:08  Supply Depot  
  133  21:10  Terran Infantry Weapons Level 2  
  133  21:13  Supply Depot  
  133  21:14  Factory Reactor, Engineering Bay  
  133  21:17  Supply Depot  
  133  21:29  Marine x2  
  133  21:30  Marauder, Medivac, Marine x2  
  141  21:35  SCV, Marine  
  138  21:47  Marine  
  138  21:48  Marine  
  138  21:49  Marine x2  
  138  21:51  Marauder  
  144  21:57  Marine x2  
  144  22:05  Marine  
  145  22:13  Marauder  
  147  22:20  Orbital Command  
  147  22:27  Supply Depot  
  147  22:28  Supply Depot  
  147  22:34  Marauder  
  149  22:56  Marauder  
  151  23:02  Marine  
Show
View Real Time Build Order
Export as new Build Order

SticklerMac Zerg 

Build Orders: Hatch First 

Get SALT Encoding   

  12  0:01  Drone  
  13  0:14  Overlord  
  13  0:20  Drone  
  14  0:24  Extractor  
  14  0:26  Extractor  
  14  0:27  Drone  
  13  0:30  Drone  
  16  0:37  Drone  
  17  0:57  Hatchery  
  17  0:59  Drone  
  17  1:02  Drone  
  18  1:05  Extractor  
  17  1:19  Spawning Pool  
  17  1:22  Drone  
  17  1:25  Drone  
  17  1:30  Drone  
  19  1:44  Drone  
  20  1:51  Overlord  
  20  2:05  Drone  
  21  2:08  Metabolic Boost  
  21  2:10  Queen  
  21  2:14  Queen  
  24  2:18  Zergling x2  
  24  2:21  Zergling x2  
  26  2:25  Drone  
  26  2:28  Drone  
  28  2:31  Drone  
  28  2:34  Drone  
  30  2:45  Drone, Baneling Nest  
  30  2:50  Drone  
  31  2:53  Drone  
  31  2:55  Drone  
  33  3:03  Drone  
  34  3:07  Overlord  
  34  3:15  Overlord  
  34  3:18  Zergling x4  
  36  3:26  Zergling x4  
  36  3:27  Zergling x6  
  40  3:30  Zergling x4  
  43  3:44  Zergling x2  
  43  3:45  Zergling x2  
  45  3:55  Zergling x10  
  49  3:56  Zergling x4  
  52  4:10  Overlord x2  
  52  4:11  Overlord  
  52  4:26  Overlord x2  
  52  4:27  Overlord x2  
  52  4:31  Queen x2  
  52  4:44  Zergling x6  
  52  4:45  Zergling x8  
  55  4:50  Drone  
  56  5:12  Baneling  
  56  5:13  Baneling x15  
  56  5:19  Zergling x4  
  50  5:35  Zergling x2  
  50  5:36  Zergling x10  
  50  5:42  Zergling x4  
  55  5:47  Zergling x2  
  55  5:48  Zergling x2  
  56  5:50  Zergling x2  
  52  6:04  Zergling x2  
  52  6:05  Zergling x6  
  46  6:20  Zergling x4  
  43  6:36  Zergling x6  
  46  6:43  Baneling  
  46  6:44  Baneling x7  
  46  6:45  Zergling x4, Baneling  
  45  6:53  Zergling x2  
  35  7:16  Zergling x8  
  35  7:17  Zergling x2  
  40  7:23  Zergling x2  
  40  7:26  Zergling x8  
  40  7:28  Zergling x2  
  40  7:29  Hatchery  
  45  7:41  Drone x4  
  44  8:09  Zergling x10  
  17  8:41  Zergling x14  
  17  8:45  Zergling x2  
  17  8:46  Zergling x4  
  21  8:52  Zergling x8  
  25  8:58  Zergling x2  
  21  9:27  Drone x3  
  21  9:28  Drone  
  25  9:32  Drone  
  25  10:12  Drone x2  
  25  10:13  Drone x5  
  32  10:18  Drone  
  33  10:42  Hatchery  
  32  10:54  Zergling x2  
  32  10:55  Zergling x6  
  30  11:26  Zergling x2  
  30  11:28  Drone x5  
  36  11:44  Queen  
  38  11:48  Queen  
  40  12:01  Queen  
  40  12:04  Drone  
  43  12:15  Drone x3  
  44  12:17  Drone  
  45  12:25  Baneling x5  
  45  12:26  Baneling  
  45  12:28  Baneling  
  45  12:29  Baneling  
  45  12:32  Baneling x2  
  45  12:33  Baneling  
  30  13:01  Drone  
  30  13:02  Drone  
  30  13:03  Zergling x4  
  30  13:04  Zergling x10  
  39  13:23  Zergling x6  
  39  13:25  Zergling x4  
  44  13:31  Spore Crawler  
  44  13:33  Spore Crawler  
  42  13:35  Spine Crawler  
  42  13:37  Spine Crawler  
  40  13:42  Spine Crawler  
  40  13:43  Drone, Spine Crawler  
  39  13:58  Drone x5  
  39  13:59  Drone  
  39  14:01  Drone  
  46  14:03  Drone  
  46  14:06  Drone  
  44  14:19  Zergling x2  
  44  14:20  Zergling x2  
  44  14:21  Zergling x2  
  36  14:32  Zergling x6  
  36  14:33  Zergling x10  
  40  14:39  Zergling x2  
  40  14:40  Zergling x4  
  40  14:45  Zergling x4  
  45  14:57  Spawning Pool  
  44  15:32  Hatchery  
  42  15:43  Drone x6  
  42  15:44  Drone x3  
  50  16:14  Extractor  
  50  16:15  Zergling x12  
  50  16:16  Extractor  
  54  16:23  Drone  
  54  16:25  Drone  
  56  16:27  Drone  
  56  16:32  Spore Crawler  
  56  16:35  Spine Crawler  
  56  16:36  Spine Crawler  
  56  16:38  Spore Crawler, Spine Crawler  
  52  16:41  Spore Crawler  
  52  16:42  Spore Crawler  
  52  16:43  Spine Crawler  
  52  16:44  Spine Crawler  
  50  16:51  Drone x6  
  50  16:52  Drone x4  
  60  17:09  Drone x2  
  60  17:12  Drone x2  
  61  17:33  Lair  
  61  17:44  Hatchery, Drone x5  
  61  17:45  Drone x5  
  70  17:55  Extractor  
  70  17:57  Extractor  
  63  18:30  Zergling x2  
  63  18:31  Zergling x18  
  63  18:42  Zergling x2  
  63  18:43  Zergling x8  
  53  18:49  Zergling x6  
  53  18:53  Zergling x2  
  45  18:59  Zergling x2  
  40  19:03  Zergling x2  
  39  19:10  Zergling x2  
  39  19:19  Drone  
  39  19:20  Queen  
  39  19:21  Queen x2  
  46  19:43  Hatchery, Drone x2  
  46  19:50  Spire  
  45  19:57  Zergling x2  
  45  19:58  Zergling x12  
  45  19:59  Zergling x4  
  49  20:09  Zergling x4  
  31  20:26  Zergling x6  
  27  20:32  Zergling x4  
  27  20:34  Hatchery  
  16  20:45  Zergling x8  
  15  20:53  Drone  
  15  20:59  Hatchery  
  10  21:12  Drone x3  
  8  21:33  Hatchery  
    22:18  Drone  
    22:22  Drone  
  2  22:33  Drone  
  3  22:48  Drone x2  
  5  23:00  Hatchery  
  4  23:06  Drone  
Tags
 
Add a new tag
Caveats
  • Supply blocks, unpowered buildings, or Contaminate may cause inaccurate times.
  • Supply counts are checked every 10 seconds.